 Dungeon Sprint DCSS version 0.29-a0-789-g7a8fcbc185 (webtiles) character file.

Game seed: 10135251042628263635

308 mhtbhm the Geomancer (level 6, -8/35 HPs)
             Began as a Gargoyle Earth Elementalist on July 2, 2022.
             Was an Initiate of Vehumet.
             Killed by divine providence
             ... invoked by an orc priest
              (12 damage)
             ... in the Dungeon (Sprint IX: "|||||||||||||||||||||||||||||").
             The game lasted 00:01:25 (849 turns).

mhtbhm the Geomancer (Gargoyle Earth Elementalist)   Turns: 849, Time: 00:01:26

Health: -8/35      AC: 10    Str: 11    XL:     6   Next: 40%
Magic:  2/16       EV: 13    Int: 21    God:    Vehumet [......]
Gold:   0          SH:  0    Dex: 10    Spells: 13/19 levels left

rFire   . . .      SeeInvis .   a - +2 dire flail (vorpal)
rCold   . . .      Faith    .   (shield currently unavailable)
rNeg    + . .      Spirit   .   p - +0 robe
rPois   ∞          Reflect  .   (no helmet)
rElec   +          Harm     .   l - +0 cloak
rCorr   .          Rampage  .   m - +0 pair of gloves
Will    .....      NoTele   +   (no boots)
Stlth   ++........              (no amulet)
HPRegen 0.11/turn               n - +2 ring of protection
MPRegen 0.15/turn               o - +3 ring of intelligence

@: hasted, very quick
A: sickness immunity, AC +4, negative energy resistance 1, electricity
resistance, torment resistance 1, petrification resistance
a: Renounce Religion


You were in the Dungeon.
You worshipped Vehumet.
Vehumet was noncommittal.
You visited 1 branch

Inventory:

Hand Weapons
 a - a +2 vorpal dire flail (weapon)
 h - a +0 whip
Armour
 l - a +0 cloak (worn)
 m - a +0 pair of gloves (worn)
 p - a +0 robe (worn)
Jewellery
 n - a +2 ring of protection (left hand)
 o - a +3 ring of intelligence (right hand)
Wands
 k - a wand of iceblast (10)
Scrolls
 i - 2 scrolls of amnesia
 j - a scroll of blinking
Potions
 b - 4 potions of magic
 c - 5 potions of curing
 d - 3 potions of heal wounds
 f - a potion of berserk rage
 g - a potion of invisibility


   Skills:
 + Level 2.2 Fighting
 + Level 4.3 Dodging
 + Level 4.5 Stealth
 + Level 1.4 Unarmed Combat
 + Level 7.1 Spellcasting
 + Level 0.9 Transmutations
 + Level 10.5 Earth Magic


You had 13 spell levels left.
You knew the following spells:

 Your Spells              Type           Power      Damage    Failure   Level
a - Sandblast             Erth           100%       2d20      1%          1
b - Passwall              Tmut/Erth      25%        N/A       1%          2
c - Stone Arrow           Conj/Erth      58%        3d10      3%          3

Your spell library contained the following spells:

 Spells                   Type           Power      Damage    Failure   Level
 Petrify                  Tmut/Erth      31%        N/A       9%          4


Dungeon Overview and Level Annotations

Branches:
Dungeon (1/1)

Altars:
Cheibriados
Dithmenos
Elyvilon
Fedhas
Gozag
Hepliaklqana
Kikubaaqudgha
Makhleb
Nemelex Xobeh
Okawaru
Qazlal
Ru
Sif Muna
Trog
Uskayaw
Vehumet
Wu Jian
Xom
Yredelemnul
Zin
The Shining One
Jiyva
Lugonu


Innate Abilities, Weirdness & Mutations

You are immune to sickness and miasma.
Your stone body is resilient. (AC +4)
You are immune to poison.
You resist negative energy. (rN+)
You are resistant to electric shocks. (rElec)
You are resistant to unholy torment.
You are immune to petrification.


Message History

Press: ? - help, Shift-Dir - straight line, f/p - vampire
Aim: a vampire (almost destroyed, 83% to hit)
The blast of sand hits the vampire.
You destroy the vampire!
Vehumet accepts your kill.
The orc priest casts a cantrip, but nothing happens.
Your Fighting skill increases to level 2!
Your Dodging skill increases to level 4!
Your Stealth skill increases to level 4!
Your Spellcasting skill gained 2 levels and is now at level 7!
Your Earth Magic skill gained 2 levels and is now at level 10!
You have reached level 6!
You feel yourself speed up. The two-headed ogre barely misses you.
The two-headed ogre closely misses you.
The howler monkey hoots and howls with incredible vigour!
You hear two shouts!
The howler monkey hoots and howls with incredible vigour!
You see here a +2 ring mail.
Casting: Sandblast (safe; 1% risk of failure)
Confirm with . or Enter, or press ? or * to list all spells.
Aiming: Sandblast (safe; 1% risk of failure)
Press: ? - help, Shift-Dir - straight line, f - two-headed ogre
Aim: a two-headed ogre, wielding a +0 giant club and a +0 giant spiked club (92% to hit)
The blast of sand hits the two-headed ogre!
The two-headed ogre is moderately wounded.
Unknown command.
Casting: Sandblast (safe; 1% risk of failure)
Confirm with . or Enter, or press ? or * to list all spells.
Aiming: Sandblast (safe; 1% risk of failure)
Press: ? - help, Shift-Dir - straight line, f/p - two-headed ogre
Aim: a two-headed ogre, wielding a +0 giant club and a +0 giant spiked club (moderately wounded, 92% to hit)
The blast of sand hits the two-headed ogre!!
The two-headed ogre is severely wounded.
The two-headed ogre closely misses you.
The two-headed ogre hits you with a +0 giant spiked club!!
Ouch! That really hurt!
* * * LOW HITPOINT WARNING * * *
The orc priest invokes the aid of Beogh against you.
Beogh smites you!
You die... ▓▓▓▓▓▓▓▓▓▓▓▓▓▓▓▓▓▓▓▓▓▓▓▓▓▓▓▓▓ .W..W.ho.DO.@)..'____________ ▓▓▓▓▓▓▓▓▓▓▓▓▓▓▓▓▓▓▓▓▓▓▓▓▓▓▓▓▓

You could see a two-headed ogre, a steam dragon, a howler monkey and an orc priest.

Vanquished Creatures
  A vampire (D)
  A scorpion (D)
  An orc priest (D)
  A jelly (D)
  An iguana (D)
  An orc (D)
  2 ball pythons (D)
  A bat (D)
  A quokka (D)
  A kobold (D)
11 creatures vanquished.

Notes
Turn   | Place    | Note
-------+----------+-------------------------------------------
     0 | D        | mhtbhm the Gargoyle Earth Elementalist began the quest for
                  | the Orb.
     0 | D        | Reached XP level 1. HP: 10/10 MP: 3/3
     6 | D        | Reached skill level 4 in Earth Magic
   199 | D        | Noticed a scorpion
   199 | D        | Noticed a jelly
   199 | D        | Noticed an iguana
   199 | D        | Noticed an orc priest
   201 | D        | Reached XP level 2. HP: 15/15 MP: 3/5
   204 | D        | Reached skill level 5 in Earth Magic
   204 | D        | Reached XP level 3. HP: 8/20 MP: 0/8
   492 | D        | Learned a level 2 spell: Passwall
   496 | D        | Learned a level 3 spell: Stone Arrow
   501 | D        | Reached skill level 6 in Earth Magic
   501 | D        | Reached XP level 4. HP: 19/24 MP: 6/10
   503 | D        | Reached skill level 1 in Fighting
   503 | D        | Reached skill level 7 in Earth Magic
   508 | D        | Killed a scorpion
   509 | D        | Reached skill level 1 in Unarmed Combat
   509 | D        | Reached skill level 5 in Spellcasting
   509 | D        | Reached skill level 8 in Earth Magic
   509 | D        | Reached XP level 5. HP: 12/29 MP: 1/13
   750 | D        | Found a snail-covered altar of Cheibriados.
   750 | D        | Found a shadowy altar of Dithmenos.
   750 | D        | Found a white marble altar of Elyvilon.
   750 | D        | Found a blossoming altar of Fedhas.
   750 | D        | Found an opulent altar of Gozag.
   751 | D        | Found a hazy altar of Hepliaklqana.
   752 | D        | Found a viscous altar of Jiyva.
   753 | D        | Found an ancient bone altar of Kikubaaqudgha.
   754 | D        | Found a corrupted altar of Lugonu.
   755 | D        | Found a burning altar of Makhleb.
   756 | D        | Found a sparkling altar of Nemelex Xobeh.
   757 | D        | Found an iron altar of Okawaru.
   758 | D        | Found a stormy altar of Qazlal.
   759 | D        | Found a sacrificial altar of Ru.
   762 | D        | Found a shimmering blue altar of Sif Muna.
   763 | D        | Found a bloodstained altar of Trog.
   764 | D        | Found a hide-covered altar of Uskayaw.
   765 | D        | Found a radiant altar of Vehumet.
   766 | D        | Found an ornate altar of the Wu Jian Council.
   767 | D        | Found a shimmering altar of Xom.
   768 | D        | Found a basalt altar of Yredelemnul.
   769 | D        | Found a glowing silver altar of Zin.
   770 | D        | Found a glowing golden altar of the Shining One.
   773 | D        | Became a worshipper of Vehumet
   837 | D        | Noticed a wraith
   837 | D        | Noticed a two-headed ogre
   837 | D        | Noticed a steam dragon
   837 | D        | Noticed a vampire
   841 | D        | Killed a vampire
   842 | D        | Reached skill level 10 in Earth Magic
   842 | D        | Reached XP level 6. HP: 32/35 MP: 3/16
   849 | D        | Killed from afar by an orc priest

Illustrated notes

Levels and vault maps discovered:
D:        linesprint [early_d, line_temple, items_1, d_10, items_2, lair_1,
          lair_end, items_3, orc_1, orc_end, items_4, d_15, swamp_1, shoals_1,
          snake_1, spider_1, d_20, vaults_1, items_5, swamp_end, shoals_end,
          snake_end, spider_end, vaults_end, d_27, items_6, zot_1, zot_end,
          crypt_end, forest_end, elf_end, slime_end, tomb_end, abyss_end,
          pan_hell_end]

Skill      XL: |  1  2  3  4  5 |
---------------+----------------+-----
Earth Magic    | 4 5 6 8 10 | 10.5
Dodging        | 2 3 4 |  4.3
Spellcasting   | 3 4 5 7 |  7.1
Stealth        | 3 4 |  4.5
Fighting       | 1 2 |  2.2
Unarmed Combat | 1 |  1.4
Transmutations | |  0.9

Action                   |  1- 3 |  4- 6 || total
-------------------------+-------+-------++-------
Melee: Unarmed           |    11 |       ||    11
       Whip              |       |     3 ||     3
 Cast: Sandblast         |    14 |     7 ||    21
       Stone Arrow       |       |     4 ||     4
  Use: Potion            |     1 |     1 ||     2
       Scroll            |     1 |       ||     1
Armor: Robe              |     5 |     1 ||     6
Dodge: Dodged            |    22 |    10 ||    32

Table legend: (Time is in decaauts)
 A = Elapsed time spent in this place.
 B = Non-inter-level travel time spent in this place.
 C = Inter-level travel time spent in this place.
 D = Time resting spent in this place.
 E = Time spent auto-exploring this place.
 F = Levels seen in this place.
 G = Mean time per level.
                   A        B        C        D        E       F      G
               +--------+--------+--------+--------+--------+-----+--------+
         Total |    866 |    866 |      0 |    681 |     11 |   1 |  866.0 |
       Dungeon |    866 |    866 |      0 |    681 |     11 |   1 |  866.0 |
               +--------+--------+--------+--------+--------+-----+--------+

Top non-repeatable levels by time:
       D: 866 daAuts
